 Dungeon Crawl Stone Soup version 0.27.1-33-g824d729ab1 (webtiles) character file.

Game seed: 7787345829806809539

2274 horus123 the Protected (level 9, -1/71 HPs)
             Began as a Hill Orc Fighter on Dec 5, 2021.
             Was a Follower of Yredelemnul.
             Slain by Joseph (14 damage)
             ... on level 7 of the Dungeon.
             The game lasted 00:14:20 (7326 turns).

horus123 the Protected (Hill Orc Fighter)           Turns: 7326, Time: 00:14:21

Health: -1/71      AC: 16    Str: 22    XL:     9   Next: 39%
Magic:  13/13      EV:  5    Int:  8    God:    Yredelemnul [*.....]
Gold:   320        SH: 11    Dex: 10    Spells: 8/8 levels left

rFire    . . .     SeeInvis .   a - +2 war axe
rCold    . . .     Faith    .   c - +1 kite shield
rNeg     . . .     Spirit   .   d - +0 plate armour
rPois    .         Reflect  .   o - +0 helmet
rElec    .         Harm     .   (no cloak)
rCorr    .         Rampage  .   j - +0 pair of gloves
Will     .....                  (no boots)
Stlth    ..........             (no amulet)
HPRegen  0.21/turn              (no ring)
MPRegen  0.13/turn              (no ring)

@: no status effects
A: no striking features
a: Renounce Religion, Animate Remains


You were on level 7 of the Dungeon.
You worshipped Yredelemnul.
Yredelemnul was aware of your devotion.
You visited 1 branch of the dungeon, and saw 7 of its levels.

You collected 320 gold pieces.

Inventory:

Hand Weapons
 a - a +2 war axe (weapon)
Armour
 b - a +0 scale mail
 c - a +1 kite shield (worn)
 d - a +0 plate armour (worn)
 e - a +0 chain mail
 j - a +0 pair of gloves (worn)
 o - a +0 helmet (worn)
Wands
 g - a wand of acid (7)
 n - a wand of flame (16)
 q - a wand of digging (3)
Scrolls
 l - 2 scrolls of amnesia
 m - a scroll of magic mapping
 p - a scroll of teleportation
 t - a scroll of identify
Potions
 f - 3 potions of attraction
 h - 2 potions of brilliance
 i - a potion of curing {unknown}
 k - a potion of haste {unknown}
 r - a potion of invisibility {unknown}
 s - a potion of degeneration {unknown}


   Skills:
 - Level 4.3 Fighting
 + Level 8.3 Axes
 - Level 8.9 Armour
 - Level 7.0 Shields
 - Level 6.0 Invocations


You had 8 spell levels left.
You didn't know any spells.
Your spell library contained the following spells:

 Spells                   Type           Power      Damage    Failure   Level
 Blink                    Tloc           N/A        N/A       100%        2
 Call Canine Familiar     Summ           0%         N/A       100%        3
 Ignite Poison            Fire/Tmut/Pois 0%         N/A       100%        3
 Lesser Beckoning         Tloc           0%         N/A       100%        3
 Mephitic Cloud           Conj/Pois/Air  0%         N/A       100%        3
 Portal Projectile        Hex/Tloc       0%         N/A       100%        3
 Hailstorm                Conj/Ice       0%         3d3       100%        4
 Ice Form                 Ice/Tmut       0%         N/A       100%        4
 Leda's Liquefaction      Hex/Erth       0%         N/A       100%        4
 Bolt of Magma            Conj/Fire/Erth 0%         4d4       100%        5
 Manifold Assault         Tloc           0%         N/A       100%        5
 Simulacrum               Ice/Necr       0%         N/A       100%        6


Dungeon Overview and Level Annotations

Branches:
Dungeon (7/15)             Temple (0/1) D:5

Altars:
Elyvilon
Kikubaaqudgha
Sif Muna
Uskayaw
Vehumet
Yredelemnul

Shops:
D:6 *   D:7 (

Annotations:
D:7 Joseph


Message History

The sling bullet burns you.
Joseph shoots a sling bullet.
You block the sling bullet.
Joseph shoots a sling bullet.
You block the sling bullet.
Joseph shoots a sling bullet.
The sling bullet hits you!! The sling bullet burns you!
You are too injured to fight recklessly!
You are too injured to fight recklessly!
Joseph says, "I've waited for this moment for such a long time."
Joseph shoots a sling bullet.
The sling bullet hits you but does no damage.
Joseph shoots a sling bullet.
You block the sling bullet.
Joseph unwields a +0 hunting sling of flaming.
It stops flaming.
Joseph wields a +0 quarterstaff.
Joseph hits you with a +0 quarterstaff.
You hit Joseph.
Joseph is lightly wounded.
Joseph hits you but does no damage.
You slash Joseph!
Joseph is moderately wounded.
Joseph hits you with a +0 quarterstaff.
* * * LOW HITPOINT WARNING * * *
You slash Joseph!
Joseph is moderately wounded.
You block Joseph's attack. Joseph hits you but does no damage.
You hit Joseph.
Joseph is heavily wounded.
Joseph shouts, "I love to fight!
I love killing!"
Joseph hits you with a +0 quarterstaff!
* * * LOW HITPOINT WARNING * * *
You slash Joseph!
Joseph is severely wounded.
Joseph hits you but does no damage.
You completely miss Joseph.
Joseph is severely wounded.
You block Joseph's attack.
You closely miss Joseph.
Joseph is heavily wounded.
Joseph hits you with a +0 quarterstaff!
You die...
Your body rises from the dead as a mindless zombie.

######################
#.....................
#..............@......
#.............@.......
#.....................
###.....................
(.####'##......#########
........#......#
........#.........
........#.........
........#..........
........#..........


You could see Joseph.

Vanquished Creatures
  Grinder (D:3)
  A wyvern (D:4)
  A water moccasin (D:6)
  2 orc warriors
  An ice beast (D:6)
  A sky beast (D:6)
  2 ogres
  2 centaurs
  A phantom (D:5)
  A water moccasin zombie (D:6)
  A wyvern zombie (D:3)
  A scorpion (D:4)
  A centaur zombie (D:7)
  A jelly (D:4)
  A centaur skeleton (D:6)
  3 orc priests
  4 hounds
  Jessica (D:3)
  An iguana (D:4)
  2 orc wizards
  Ijyb (D:4)
  5 adders
  A worm zombie (D:5)
  2 worms
  6 dart slugs
  18 orcs
  8 ball pythons
  8 endoplasms
  A giant cockroach (D:2)
  8 goblins
  2 hobgoblins
  7 kobolds
  3 quokkas
  2 ball python zombies (D:3)
  3 bats
  3 frilled lizards
  6 rats
113 creatures vanquished.

Vanquished Creatures (collateral kills)
  Menkaure (D:6)
  An orc warrior (D:6)
  A necrophage (D:6)
  A centaur (D:6)
  A howler monkey (D:5)
  A centaur skeleton (D:6)
  A hound zombie (D:5)
  A dart slug (D:4)
  3 orcs
11 creatures vanquished.

Vanquished Creatures (others)
  A water moccasin zombie (D:6)
  A centaur zombie (D:6)
  A hound zombie (D:5)
  3 orc zombies
  2 fungi (D:1)
  2 plants (D:1)
10 creatures vanquished.

Grand Total: 134 creatures vanquished

Notes
Turn   | Place    | Note
-------+----------+-------------------------------------------
     0 | D:1      | horus123 the Hill Orc Fighter began the quest for the Orb.
     0 | D:1      | Reached XP level 1. HP: 19/19 MP: 1/1
   156 | D:1      | Reached XP level 2. HP: 16/26 MP: 2/2
   839 | D:1      | Reached XP level 3. HP: 31/31 MP: 3/3
   899 | D:1      | Found a faded altar of an unknown god.
  1216 | D:2      | Reached skill level 5 in Axes
  1512 | D:2      | Reached XP level 4. HP: 34/39 MP: 4/4
  1812 | D:3      | Reached XP level 5. HP: 23/45 MP: 5/5
  1983 | D:3      | Reached skill level 5 in Shields
  1984 | D:3      | Noticed Jessica
  1988 | D:3      | Killed Jessica
  1991 | D:3      | Noticed Grinder
  1994 | D:3      | Paralysed by Grinder for 7 turns
  2000 | D:3      | HP: 1/45 [Grinder (3)]
  2005 | D:3      | Paralysed by Grinder for 4 turns
  2012 | D:3      | Paralysed by Grinder for 2 turns
  2027 | D:3      | Paralysed by Grinder for 4 turns
  2036 | D:3      | Killed Grinder
  2037 | D:3      | Reached XP level 6. HP: 40/51 MP: 6/6
  2292 | D:3      | Found a basalt altar of Yredelemnul.
  2427 | D:3      | Became a worshipper of Yredelemnul the Dark
  2610 | D:4      | Found an ancient bone altar of Kikubaaqudgha.
  2613 | D:4      | Found a white marble altar of Elyvilon.
  2674 | D:4      | Noticed a wyvern
  2683 | D:4      | Killed a wyvern
  2684 | D:4      | Reached XP level 7. HP: 23/59 MP: 6/9
  3037 | D:4      | Found a radiant altar of Vehumet.
  3040 | D:4      | Found a shimmering blue altar of Sif Muna.
  3065 | D:4      | Noticed Ijyb
  3075 | D:4      | Killed Ijyb
  3312 | D:4      | Reached skill level 5 in Invocations
  3521 | D:4      | Reached * piety under Yredelemnul
  3580 | D:4      | Found a hide-covered altar of Uskayaw.
  3940 | D:5      | Entered Level 5 of the Dungeon
  4042 | D:5      | Reached XP level 8. HP: 65/66 MP: 12/12
  4306 | D:5      | Found a sand-covered staircase.
  4346 | D:5      | Reached skill level 5 in Armour
  4583 | D:5      | Found a staircase to the Ecumenical Temple.
  5797 | D:6      | Reached XP level 9. HP: 49/71 MP: 9/13
  5913 | D:6      | Noticed Menkaure
  5919 | D:6      | Killed Menkaure
  6329 | D:6      | Found Ejouf's Overcharged Wands.
  6789 | D:7      | Found Hicwir's Antique Weapon Emporium.
  7313 | D:7      | Noticed Joseph
  7326 | D:7      | Slain by Joseph

Illustrated notes

Levels and vault maps discovered:
D:1:      wander_arrival_fairy_ring, layout_loops_ring,
          chequers_ecumenical_altar_twisty
D:2:      layout_basic, grunt_ministairs_1
D:3:      layout_basic, lemuel_zombie_altar_yredelemnul, uniq_grinder,
          uniq_jessica
D:4:      layout_basic, grunt_temple_overflow_cloverleaf,
          nicolae_uskayaw_dance_hall, uniq_ijyb
D:5:      layout_basic, minmay_temple_entry_stoned_glass, serial_corexii_hall,
          corexii_hall_statues_deadend, corexii_hall_statues_t,
          chequers_hall_statues_corner_a, enter_ossuary_3
D:6:      layout_cave_pools, nicolae_shop_overcharged_wands, uniq_menkaure
D:7:      layout_gridville, serial_shops, kennysheep_little_box,
          kennysheep_windowed_goal, uniq_joseph

Skill      XL: |  1  2  3  4  5  6  7  8  9 |
---------------+----------------------------+-----
Axes           | 3 4 5 8 |  8.3
Shields        | 4 6 7 |  7.0
Fighting       | 4 |  4.3
Invocations    | 3 6 |  6.0
Armour         | 4 8 |  8.9

Action                   |  1- 3 |  4- 6 |  7- 9 || total
-------------------------+-------+-------+-------++-------
Melee: War axe           |   114 |   100 |   258 ||   472
Invok: Animate Remains   |       |       |    13 ||    13
  Use: Scroll            |     2 |     1 |     9 ||    12
       Potion            |       |     4 |     3 ||     7
 Stab: Distracted        |       |       |     1 ||     1
Armor: Scale mail        |    36 |    30 |    47 ||   113
       Skin              |       |    12 |       ||    12
       Chain mail        |       |       |    54 ||    54
       Plate armour      |       |       |    58 ||    58
Dodge: Dodged            |    34 |    36 |    77 ||   147
Block: Kite shield       |    62 |    48 |   181 ||   291
